 Dungeon Crawl Stone Soup version 0.28.0-47-ge53b351184 (webtiles) character file.

Game seed: 803653606611167363

969 101zpm the Magician (level 8, -2/50 HPs)
             Began as a Djinni Fire Elementalist on May 5, 2022.
             Killed by an exploding gnoll (15 damage)
             ... ignited by their inner flame
             ... on level 5 of the Dungeon.
             The game lasted 00:15:52 (6617 turns).

101zpm the Magician (Djinni Fire Elementalist)      Turns: 6617, Time: 00:15:52

Health: -2/50      AC:  7    Str:  7    XL:     8   Next: 38%
Gold:   239        EV:  6    Int: 24    God:
                   SH:  0    Dex: 13

rFire   + + .      SeeInvis .   (no weapon)
rCold   x . .      Faith    .   (no shield)
rNeg    . . .      Spirit   .   a - +0 robe
rPois   ∞          Reflect  .   f - +3 helmet of Darkness {Int+4}
rElec   .          Harm     .   h - +0 cloak
rCorr   .          Rampage  .   (no gloves)
Will    .....                   (boots unavailable)
Stlth   ++........              (no amulet)
HPRegen 0.16/turn               (no ring)
MPRegen 0.00/turn               (no ring)

@: flying, held
A: sickness immunity, fire resistance 2, cold vulnerability 1, float, innate
caster, HP casting, extra vitality 1
a: no special abilities


You were on level 5 of the Dungeon.
You visited 2 branches of the dungeon, and saw 6 of its levels.

You collected 239 gold pieces.

Inventory:

Armour
 a - a +0 robe (worn)
 f - the +3 helmet of Darkness (worn) {Int+4}
   (You found it on level 3 of the Dungeon)

   Int:       It affects your intelligence (+4).
 h - a +0 cloak (worn)
Wands
 c - a wand of digging (12)
Scrolls
 b - a scroll of fear {unknown}
 d - a scroll of holy word {unknown}
 e - 2 scrolls of noise {unknown}
 g - a scroll of acquirement {unknown}
 m - 2 scrolls of identify {unknown}
 n - a scroll of teleportation {unknown}
Potions
 i - a potion of curing {unknown}
 j - a potion of heal wounds {unknown}
 k - a potion of degeneration {unknown}
 l - a potion of resistance {unknown}
 o - a potion of brilliance {unknown}
 p - 2 potions of magic {unknown}


   Skills:
 + Level 2.6 Dodging
 + Level 2.7 Stealth
 + Level 7.1 Spellcasting


You had 2 spell levels left.
You knew the following spells:

 Your Spells              Type           Power      Damage    Failure   Level
a - Foxfire               Conj/Fire      100%       2x1d9     1%          1
b - Scorch                Fire           84%        2d9       1%          2
c - Conjure Flame         Conj/Fire      42%        6-21      1%          3
d - Inner Flame           Hex/Fire       42%        N/A       1%          3
e - Flame Wave            Conj/Fire      42%        2d9       3%          4
f - Slow                  Hex            100%       N/A       1%          1
g - Searing Ray           Conj           84%        2d7       1%          2
h - Swiftness             Air            42%        N/A       1%          3
Your spell library was empty.

Dungeon Overview and Level Annotations

Branches:
Dungeon (5/15)             Temple (1/1) D:4

Altars:
Cheibriados
Elyvilon
Fedhas
Kikubaaqudgha
Makhleb
Okawaru
Qazlal
Ru
Sif Muna
Trog
Uskayaw
Vehumet
Wu Jian
Yredelemnul
Zin
The Shining One
Lugonu

Annotations:
D:4 2 runed translucent doors, Allula97's ghost, weakling DsFi


Innate Abilities, Weirdness & Mutations

You are immune to sickness and miasma.
You are immune to poison.
Your flesh is very heat resistant. (rF++)
You are vulnerable to cold. (rC-)
You float through the air rather than walking.
You learn spells naturally, not from books.
Your magical power is your life essence.
You have superior vitality. (+4 MHP)


Message History

Aiming: Inner Flame (safe; 1% risk of failure)
Press: ? - help, Dir - move target, f/p - gnoll
Aim: a gnoll, wielding a +0 club (moderately wounded, chance to affect: 94%)
The gnoll is filled with an inner flame.
The gnoll hits you from afar with a +0 spear.
Casting: Inner Flame (safe; 1% risk of failure)
Confirm with . or Enter, or press ? or * to list all spells.
Aiming: Inner Flame (safe; 1% risk of failure)
Press: ? - help, Dir - move target, f - gnoll, p - gnoll
Aim: a gnoll, wielding a +0 spear (chance to affect: 94%)
The gnoll is filled with an inner flame.
An ufetubus comes into view.
The gnoll hits you but does no damage. The gnoll hits you with a +0 club.
Casting: Inner Flame (safe; 1% risk of failure)
Confirm with . or Enter, or press ? or * to list all spells.
Flames lash the gnoll.
The gnoll is heavily wounded.
The gnoll's fire resistance burns away.
The gnoll completely misses you. The gnoll hits you with a +0 club.
Casting: Scorch (safe; 1% risk of failure)
Confirm with . or Enter, or press ? or * to list all spells.
Flames lash the gnoll.
The gnoll is burned terribly!
You kill the gnoll!
The gnoll hits you but does no damage. The gnoll completely misses you.
Casting: Scorch (safe; 1% risk of failure)
Confirm with . or Enter, or press ? or * to list all spells.
Flames lash the gnoll.
Flame seeps out of the gnoll.
The gnoll is heavily wounded.
The gnoll's fire resistance burns away.
The gnoll hits you but does no damage.
The gnoll hits you from afar with a +0 spear.
* * * LOW HITPOINT WARNING * * *
The gnoll is engulfed in blazing flames.
The gnoll explodes!
The fiery explosion engulfs the gnoll!!!
You kill the gnoll!
The fiery explosion engulfs the ufetubus!!!
The ufetubus is burned terribly!
You kill the ufetubus!
The fiery explosion engulfs you! You resist.
You die...

....# ......
#....###.....
##...#....!.
...........
..........#
..........#
.....§§§.§##
.....§○@.§.#
.....§§§.§§§..[
.....g....##...
.....)...## .
.........#
..........
..........
.......#.#.


You could see a gnoll (inner flame).

Vanquished Creatures
  An ice beast (D:3)
  An ogre (D:4)
  A bullfrog (D:4)
  A scorpion (D:5)
  3 hounds
  3 jellies (D:5)
  An orc wizard (D:5)
  32 gnolls
  3 adders
  An ufetubus (D:5)
  An adder skeleton (D:4)
  A worm (D:2)
  25 orcs
  4 ball pythons
  6 bats
  9 endoplasms
  A giant cockroach (D:4)
  5 goblins
  6 hobgoblins
  15 jackals (D:4)
  5 quokkas
  A frilled lizard (D:3)
  8 kobolds
  6 rats
140 creatures vanquished.

Vanquished Creatures (collateral kills)
  A foxfire (D:4)
1 creature vanquished.

Vanquished Creatures (others)
  590 foxfires
  A plant (D:4)
591 creatures vanquished.

Grand Total: 732 creatures vanquished

Notes
Turn   | Place    | Note
-------+----------+-------------------------------------------
     0 | D:1      | 101zpm the Djinni Fire Elementalist began the quest for the
                  | Orb.
     0 | D:1      | Reached XP level 1. HP: 15/15 MP: 0/0
   324 | D:3      | Reached XP level 2. HP: 17/21 MP: 0/0
   439 | D:2      | Reached skill level 3 in Spellcasting
   439 | D:2      | Reached XP level 3. HP: 8/25 MP: 0/0
   439 | D:2      | Learned a level 1 spell: Slow
   707 | D:3      | Noticed an ice beast
   715 | D:3      | Killed an ice beast
   716 | D:3      | Reached skill level 4 in Spellcasting
   716 | D:3      | Reached XP level 4. HP: 12/31 MP: 0/0
   716 | D:3      | Reached XP level 5. HP: 13/35 MP: 0/0
   716 | D:3      | Learned a level 2 spell: Searing Ray
   958 | D:3      | Found a burning altar of Makhleb.
   963 | D:3      | Found a blossoming altar of Fedhas.
   973 | D:3      | Found a stormy altar of Qazlal.
   981 | D:3      | Found a glowing golden altar of the Shining One.
   990 | D:3      | Found a hide-covered altar of Uskayaw.
  1036 | D:3      | Identified the +3 helmet of Darkness {Int+4}
  1662 | D:4      | Found a runed translucent door.
  1674 | D:4      | Noticed Allula97's ghost (weakling DsFi)
  2067 | D:4      | Reached XP level 6. HP: 32/40 MP: 0/0
  2502 | D:4      | Noticed an ogre
  2507 | D:4      | Killed an ogre
  2508 | D:4      | Reached skill level 5 in Spellcasting
  2508 | D:4      | Reached XP level 7. HP: 20/45 MP: 0/0
  2508 | D:4      | Learned a level 3 spell: Swiftness
  3079 | D:4      | Found a staircase to the Ecumenical Temple.
  3085 | Temple   | Entered the Ecumenical Temple
  3227 | D:5      | Entered Level 5 of the Dungeon
  3411 | D:4      | Found a runed translucent door.
  4111 | D:4      | Reached skill level 6 in Spellcasting
  4442 | D:5      | Reached XP level 8. HP: 24/50 MP: 0/0
  6083 | D:1      | You are sucked into a shaft and drop 1 floor!
  6609 | D:5      | Reached skill level 7 in Spellcasting
  6617 | D:5      | Killed by an exploding gnoll... ignited by their inner
                  | flame

Illustrated notes

Levels and vault maps discovered:
D:1:      amcnicky_arrival_flooded_fountain, layout_basic
D:2:      layout_rooms
D:3:      layout_basic, minitemple, shapermc_ecumenical_altar_ellora
D:4:      lemuel_castle_with_subvaults [lemuel_castle_interior_original],
          layout_loops_ring, minmay_temple_entry_nine_rooms,
          ebering_ghost_sewer_f, kennysheep_decorative_pillar,
          roderic_lattice_a, grunt_decor_mini_mirrors
D:5:      layout_cave_pools, minmay_divided_ellipse
Temple:   kb_corrupted_temple

Skill      XL: |  1  2  3  4  5  6  7  8 |
---------------+-------------------------+-----
Spellcasting   | 3 4 5 6 7 |  7.1
Stealth        | 2 |  2.7
Dodging        | |  2.6

Action                   |  1- 3 |  4- 6 |  7- 9 || total
-------------------------+-------+-------+-------++-------
 Cast: Foxfire           |    34 |   104 |   216 ||   354
       Scorch            |     5 |     5 |    43 ||    53
       Inner Flame       |     2 |     7 |    31 ||    40
Armor: Robe              |       |       |     8 ||     8
Dodge: Dodged            |     1 |       |     9 ||    10
